 Dungeon Crawl Stone Soup version 0.28-a0-883-gc8d7bad45d (webtiles) character file.

Game seed: 16780039093093791593

213 Gwenloh the Insei (level 5, 0/40 HPs)
             Began as a Draconian Transmuter on Nov 21, 2021.
             Slain by a gnoll (2 damage)
             ... on level 4 of the Dungeon.
             The game lasted 00:07:30 (3923 turns).

Gwenloh the Insei (Draconian Transmuter)            Turns: 3923, Time: 00:07:30

Health: 0/40       AC:  5    Str: 12    XL:     5   Next: 59%
Magic:  8/8        EV: 12    Int: 14    God:
Gold:   104        SH:  0    Dex: 12    Spells: 2/8 levels left

rFire   . . .      SeeInvis .     - Unarmed
rCold   . . .      Faith    .   (no shield)
rNeg    . . .      Spirit   .   (armour unavailable)
rPois   .          Reflect  .   (helmet restricted)
rElec   .          Harm     .   (no cloak)
rCorr   .          Rampage  .   (no gloves)
Will    .....                   (no boots)
Stlth   +.........              (no amulet)
HPRegen 0.13/turn               (no ring)
MPRegen 0.11/turn               (no ring)

@: no status effects
A: AC +5, unfitting armour, cold-blooded
a: no special abilities


You were on level 4 of the Dungeon.
You visited 1 branch of the dungeon, and saw 4 of its levels.

You collected 104 gold pieces.

Inventory:

Missiles
 a - 12 stones (quivered)
Wands
 o - a wand of acid (12)
Scrolls
 c - 3 scrolls of fog {unknown}
 d - 2 scrolls of identify {unknown}
 e - a scroll of vulnerability {unknown}
 f - a scroll of enchant weapon {unknown}
 j - a scroll of brand weapon {unknown}
 l - a scroll of fear {unknown}
 m - a scroll of silence {unknown}
 n - a scroll of teleportation {unknown}
Potions
 b - 2 potions of curing {unknown}
 g - a potion of resistance {unknown}
 h - a potion of haste {unknown}
 i - a potion of heal wounds {unknown}
 k - a potion of degeneration {unknown}
 p - a potion of invisibility {unknown}


   Skills:
 - Level 1.1 Fighting
 - Level 1.7 Dodging
 * Level 4.7 Unarmed Combat
 - Level 2.0 Spellcasting
 * Level 4.1 Transmutations
 + Level 1.6 Poison Magic


You had 2 spell levels left.
You knew the following spells:

 Your Spells              Type           Power      Damage    Failure   Level
a - Beastly Appendage     Tmut           24%        N/A       4%          1
b - Wereblood             Tmut           12%        N/A       7%          2
c - Spider Form           Tmut/Pois      9%         N/A       22%         3

Your spell library contained the following spells:

 Spells                   Type           Power      Damage    Failure   Level
 Magic Dart               Conj           4%         1d3       24%         1
 Call Imp                 Summ           1%         N/A       34%         2
 Mephitic Cloud           Conj/Pois/Air  2%         N/A       50%         3
 Ice Form                 Ice/Tmut       7%         N/A       71%         4


Dungeon Overview and Level Annotations

Branches:
Dungeon (4/15)
 Temple: D:4-7

Altars:

Annotations:
D:3 1 runed translucent door, Gwenloh's ghost, amateur MfTm
D:4 3 runed translucent doors, Edmund


Innate Abilities, Weirdness & Mutations

Your plain brown scales are hard. (AC +5)
You cannot fit into any form of body armour.
You are cold-blooded and may be slowed by cold attacks.


Message History

You closely miss the gnoll.
The gnoll is moderately wounded.
You howl as the wereblood boils in your veins!
The gnoll hits you with a +0 club.
* * * LOW HITPOINT WARNING * * *
You hit the gnoll.
The gnoll is heavily wounded.
The gnoll hits you but does no damage.
You barely miss the gnoll.
The gnoll is heavily wounded.
The gnoll barely misses you.
You barely miss the gnoll.
The gnoll is heavily wounded.
You howl as the wereblood boils in your veins!
The gnoll barely misses you.
You hit the gnoll. Your kick misses the gnoll.
The gnoll is almost dead.
You barely miss the gnoll. You claw the gnoll.
You feel a bit better.
You kill the gnoll!
Your primal bloodlust has ended.
The gnoll hits you with a +0 whip.
* * * LOW HITPOINT WARNING * * *
Things that are here:
a +0 club; a +0 halberd You hit the gnoll.
Your headbutt misses the gnoll.
The gnoll is almost dead.
The gnoll misses you.
You closely miss the gnoll.
The gnoll is almost dead.
The gnoll hits you with a +0 whip.
* * * LOW HITPOINT WARNING * * *
You barely miss the gnoll.
The gnoll is almost dead.
Your horns disappear.
Your talons disappear.
The gnoll hits you with a +0 whip.
* * * LOW HITPOINT WARNING * * *
You hit the gnoll.
The gnoll is almost dead.
The gnoll hits you with a +0 whip.
You die...

....##. ##...........
#....#.# #.......(....
#...#.# #............
#...+.# #......((....
#...+.# #............
##...+.########............
#....#.....@g##............
#....#..####..........?....
....##†## ###..........$.g
.. ##..## ##............ .
###....# #.......(....
#####......# ##.......(...
#.....<...#.# #...........
...........##..
#........... ...........#
#..# #..........(


You could see a gnoll.

Vanquished Creatures
  A hound (D:4)
  6 gnolls
  5 adders
  An adder skeleton (D:4)
  2 dart slugs (D:1)
  An orc (D:3)
  7 bats
  6 endoplasms
  A giant cockroach (D:3)
  4 goblins
  8 hobgoblins
  4 jackals (D:1)
  5 quokkas
  5 ball pythons
  5 frilled lizards
  2 kobolds (D:1)
  10 rats
73 creatures vanquished.

Notes
Turn   | Place    | Note
-------+----------+-------------------------------------------
     0 | D:1      | Gwenloh the Draconian Transmuter began the quest for the
                  | Orb.
     0 | D:1      | Reached XP level 1. HP: 16/16 MP: 3/3
   295 | D:1      | Reached XP level 2. HP: 22/23 MP: 3/5
   298 | D:1      | Learned a level 2 spell: Wereblood
   876 | D:1      | Found a faded altar of an unknown god.
  1347 | D:2      | Reached XP level 3. HP: 25/28 MP: 4/6
  1351 | D:2      | Learned a level 3 spell: Spider Form
  2104 | D:1      | Reached XP level 4. HP: 28/35 MP: 4/7
  2583 | D:2      | Reached skill level 1 in Poison Magic
  3366 | D:3      | Found a runed translucent door.
  3369 | D:3      | Noticed Gwenloh's ghost (amateur MfTm)
  3577 | D:3      | Reached XP level 5. HP: 40/40 MP: 8/8
  3731 | D:4      | Noticed Edmund
  3815 | D:4      | Found a runed translucent gate.
  3816 | D:4      | Found a runed translucent gate.
  3817 | D:4      | Found a runed translucent gate.
  3922 | D:4      | HP: 1/40 [gnoll (5)]
  3923 | D:4      | Slain by a gnoll

Illustrated notes

Levels and vault maps discovered:
D:1:      dpeg_arrival_leaves_temple_mockup, layout_basic,
          basic_ecumenical_altar
D:2:      cheibrodos_helix_gallery, layout_basic, serial_glass, glass_columns_b,
          glass_columns_c, kennysheep_boxes
D:3:      layout_basic, gammafunk_ghost_grave, ebering_dispersal_statue_hall
D:4:      layout_layer_cave, gammafunk_ghost_icy, minivault_23, uniq_eustachio,
          uniq_edmund, uniq_grinder

Skill      XL: |  1  2  3  4  5 |
---------------+----------------+-----
Transmutations | 3 4 |  4.1
Unarmed Combat | 4 |  4.7
Poison Magic   | 1 |  1.6
Fighting       | |  1.1
Dodging        | |  1.7
Spellcasting   | |  2.0

Action                   |  1- 3 |  4- 6 || total
-------------------------+-------+-------++-------
Melee: Unarmed           |    87 |   110 ||   197
       Kick              |    22 |    22 ||    44
       Headbutt          |     8 |    14 ||    22
       Tailslap          |     6 |    11 ||    17
       Punch             |     1 |       ||     1
Throw: Stone             |    75 |    94 ||   169
 Cast: Beastly Appendage |    29 |    24 ||    53
       Wereblood         |     4 |     2 ||     6
Armor: Skin              |    24 |    43 ||    67
Dodge: Dodged            |    80 |    75 ||   155

Table legend: (Time is in decaauts)
 A = Elapsed time spent in this place.
 B = Non-inter-level travel time spent in this place.
 C = Inter-level travel time spent in this place.
 D = Time resting spent in this place.
 E = Time spent auto-exploring this place.
 F = Levels seen in this place.
 G = Mean time per level.
                   A        B        C        D        E       F      G
               +--------+--------+--------+--------+--------+-----+--------+
         Total |   3936 |   3696 |    240 |    787 |   2213 |   4 |  984.0 |
       Dungeon |   3936 |   3696 |    240 |    787 |   2213 |   4 |  984.0 |
               +--------+--------+--------+--------+--------+-----+--------+

Top non-repeatable levels by time:
     D:1: 2027 daAuts
     D:2: 1119 daAuts
     D:3: 630 daAuts
     D:4: 159 daAuts
